 Dungeon Sprint DCSS version 0.29.1-2-gbd0b4ee654 (webtiles) character file.

Game seed: 6086650820900864339

245 rocky1 the Magician (level 6, -10/79 HPs)
             Began as a Gnoll Warper on Nov 9, 2022.
             Was an Initiate of Gozag.
             Mangled by a demonic crawler (11 damage)
             ... in the Dungeon (Sprint VII: "The Pits").
             The game lasted 00:02:11 (1138 turns).

rocky1 the Magician (Gnoll Warper)                  Turns: 1138, Time: 00:02:12

Health: -10/79     AC: 14    Str: 12    XL:     6   Next: 10%
Magic:  14/15      EV:  4    Int: 13    God:    Gozag
Gold:   1017       SH:  0    Dex: 11    Spells: 7/18 levels left

rFire   . . .      SeeInvis .   n - +1 trident (vorpal)
rCold   . . .      Faith    .   (no shield)
rNeg    . . .      Spirit   .   m - +2 plate armour
rPois   .          Reflect  .   (no helmet)
rElec   .          Harm     .   (no cloak)
rCorr   .          Rampage  .   (no gloves)
Will    .....      NoTele   +   (no boots)
Stlth   ..........              (no amulet)
HPRegen 0.23/turn               (no ring)
MPRegen 0.14/turn               (no ring)

@: berserking, very quick
A: fangs 1, strong nose, distributed training
a: Renounce Religion, Potion Petition, Call Merchant, Bribe Branch


You were in the Dungeon.
You worshipped Gozag.
Gozag was most pleased with you.
You visited 1 branch You collected 1017 gold pieces.

Inventory:

Hand Weapons
 n - a +1 vorpal trident (weapon)
Missiles
 d - 7 boomerangs of dispersal (quivered)
Armour
 m - a +2 plate armour (worn)
Scrolls
 c - 2 scrolls of blinking
 k - 5 scrolls of amnesia
 l - a scroll of summoning
Potions
 e - 6 potions of curing
 f - 5 potions of heal wounds
 g - a potion of haste
 h - 4 potions of magic
 i - 2 potions of berserk rage
 j - 2 potions of invisibility


   Skills:
 + Level 6.3 Fighting
 + Level 4.3 Short Blades
 + Level 4.3 Long Blades
 + Level 4.3 Axes
 + Level 4.3 Maces & Flails
 + Level 6.3 Polearms
 + Level 4.3 Staves
 + Level 4.3 Ranged Weapons
 + Level 5.1 Throwing
 + Level 5.1 Armour
 + Level 6.3 Dodging
 + Level 4.3 Stealth
 + Level 4.3 Shields
 + Level 4.3 Unarmed Combat
 + Level 6.7 Spellcasting
 + Level 3.5 Conjurations
 + Level 3.5 Hexes
 + Level 3.5 Summonings
 + Level 3.5 Necromancy
 + Level 6.6 Translocations
 + Level 3.5 Transmutations
 + Level 3.5 Fire Magic
 + Level 3.5 Ice Magic
 + Level 3.5 Air Magic
 + Level 3.5 Earth Magic
 + Level 3.5 Poison Magic
 + Level 4.7 Invocations
 + Level 4.3 Evocations


You had 7 spell levels left.
You knew the following spells:

 Your Spells              Type           Power      Damage    Failure   Level
a - Blink                 Tloc           42%        N/A       92%         2
b - Gell's Gravitas       Tloc           21%        N/A       99%         3
c - Lesser Beckoning      Tloc           21%        N/A       99%         3
d - Teleport Other        Tloc           21%        N/A       99%         3

Your spell library contained the following spells:

 Spells                   Type           Power      Damage    Failure   Level
 Manifold Assault         Tloc           21%        N/A       100%        5


Dungeon Overview and Level Annotations

Branches:
Dungeon (1/1)

Altars:
Ashenzari
Cheibriados
Dithmenos
Elyvilon
Fedhas
Gozag
Hepliaklqana
Kikubaaqudgha
Makhleb
Nemelex Xobeh
Okawaru
Qazlal
Ru
Sif Muna
Trog
Uskayaw
Vehumet
Wu Jian
Xom
Yredelemnul
Zin
The Shining One
Jiyva
Lugonu


Innate Abilities, Weirdness & Mutations

You have very sharp teeth.
Your uncanny sense of smell can sniff out nearby items.
Your experience applies equally to all skills.


Message History

You barely miss the demonic crawler. The demonic crawler hits you.
The demonic crawler hits you! The demonic crawler hits you.
You puncture the demonic crawler!
The demonic crawler is moderately wounded.
The demonic crawler hits you but does no damage.
The demonic crawler barely misses you. The demonic crawler hits you!
You barely miss the demonic crawler.
You bite the demonic crawler, but do no damage.
The demonic crawler is moderately wounded.
The demonic crawler hits you but does no damage.
The demonic crawler hits you! The demonic crawler hits you.
You completely miss the demonic crawler.
You punch the demonic crawler, but do no damage.
The demonic crawler is moderately wounded.
The demonic crawler hits you. x2
* * * LOW HITPOINT WARNING * * *
The demonic crawler hits you but does no damage.
You puncture the demonic crawler!
The demonic crawler is heavily wounded.
The demonic crawler hits you but does no damage.
The demonic crawler hits you!
* * * LOW HITPOINT WARNING * * *
The demonic crawler hits you!
* * * LOW HITPOINT WARNING * * *
Unknown command.
Unknown command.
Unknown command.
Unknown command.
Unknown command.
You puncture the demonic crawler! Your bite misses the demonic crawler.
The demonic crawler is severely wounded.
The demonic crawler shrieks in warning!
You hear a howl!
Unknown command.
You closely miss the demonic crawler. You bite the demonic crawler!
The demonic crawler is severely wounded.
The demonic crawler hits you but does no damage.
The demonic crawler hits you!
You die...
Your body crumbles into a pile of gold.

#.#........##.......#
#'###########.......#
#.......# #########
#.###...# #.#.....#
∆∆∆∆ #.#...#.#+# ∆
#.....#.#.+ ∆
#...###.#s# ∆
#.......'@# ∆
###########


You could see a demonic crawler.

Vanquished Creatures
  A black bear (D)
  A bullfrog (D)
  A crimson imp (D)
  2 mummies (D)
  A river rat (D)
  An ufetubus (D)
  A worm (D)
  An orc (D)
  A bat (D)
  An endoplasm (D)
  A giant cockroach (D)
  A hobgoblin (D)
  4 jackals (D)
  A quokka (D)
  A ball python (D)
  A ball python skeleton (D)
20 creatures vanquished.

Notes
Turn   | Place    | Note
-------+----------+-------------------------------------------
     0 | D        | rocky1 the Gnoll Warper began the quest for the Orb.
     0 | D        | Reached XP level 1. HP: 20/20 MP: 6/6
    44 | D        | Found a bloodstained altar of Trog.
    44 | D        | Found a shimmering blue altar of Sif Muna.
    44 | D        | Found a viscous altar of Jiyva.
    44 | D        | Found a hazy altar of Hepliaklqana.
    44 | D        | Found an opulent altar of Gozag.
    45 | D        | Found a glowing golden altar of the Shining One.
    45 | D        | Found a glowing silver altar of Zin.
    45 | D        | Found a basalt altar of Yredelemnul.
    45 | D        | Found a shimmering altar of Xom.
    45 | D        | Found an ornate altar of the Wu Jian Council.
    45 | D        | Found a sacrificial altar of Ru.
    45 | D        | Found a stormy altar of Qazlal.
    45 | D        | Found an iron altar of Okawaru.
    45 | D        | Found a sparkling altar of Nemelex Xobeh.
    45 | D        | Found a burning altar of Makhleb.
    45 | D        | Found a blossoming altar of Fedhas.
    45 | D        | Found a white marble altar of Elyvilon.
    45 | D        | Found a shadowy altar of Dithmenos.
    45 | D        | Found a snail-covered altar of Cheibriados.
    48 | D        | Found a corrupted altar of Lugonu.
    48 | D        | Found a radiant altar of Vehumet.
    49 | D        | Found an ancient bone altar of Kikubaaqudgha.
    49 | D        | Found a hide-covered altar of Uskayaw.
    49 | D        | Found a broken altar of Ashenzari.
    52 | D        | Became a worshipper of Gozag Ym Sagoz the Greedy
    73 | D        | Reached skill level 5 in Spellcasting
    76 | D        | Reached skill level 1 in Invocations
   122 | D        | Reached skill level 1 in Short Blades
   122 | D        | Reached skill level 1 in Long Blades
   122 | D        | Reached skill level 1 in Axes
   122 | D        | Reached skill level 1 in Maces & Flails
   122 | D        | Reached skill level 1 in Staves
   122 | D        | Reached skill level 1 in Ranged Weapons
   122 | D        | Reached skill level 1 in Stealth
   122 | D        | Reached skill level 1 in Shields
   122 | D        | Reached skill level 1 in Unarmed Combat
   122 | D        | Reached skill level 1 in Evocations
   135 | D        | Reached skill level 1 in Conjurations
   135 | D        | Reached skill level 1 in Hexes
   135 | D        | Reached skill level 1 in Summonings
   135 | D        | Reached skill level 1 in Necromancy
   135 | D        | Reached skill level 1 in Transmutations
   135 | D        | Reached skill level 1 in Fire Magic
   135 | D        | Reached skill level 1 in Ice Magic
   135 | D        | Reached skill level 1 in Air Magic
   135 | D        | Reached skill level 1 in Earth Magic
   135 | D        | Reached skill level 1 in Poison Magic
   135 | D        | Reached XP level 2. HP: 11/26 MP: 8/8
   390 | D        | Reached XP level 3. HP: 21/32 MP: 9/9
   719 | D        | Learned a level 2 spell: Blink
   723 | D        | Learned a level 3 spell: Gell's Gravitas
   727 | D        | Learned a level 3 spell: Lesser Beckoning
   731 | D        | Learned a level 3 spell: Teleport Other
   746 | D        | Reached skill level 5 in Fighting
   746 | D        | Reached skill level 5 in Polearms
   746 | D        | Reached skill level 5 in Dodging
   756 | D        | Reached XP level 4. HP: 37/39 MP: 9/11
   902 | D        | Noticed a bullfrog
   918 | D        | Killed a bullfrog
   919 | D        | Reached XP level 5. HP: 16/46 MP: 11/13
  1116 | D        | Noticed a black bear
  1124 | D        | Killed a black bear
  1125 | D        | Reached skill level 5 in Throwing
  1125 | D        | Reached skill level 5 in Armour
  1125 | D        | Reached XP level 6. HP: 52/53 MP: 13/15
  1128 | D        | Noticed a demonic crawler
  1136 | D        | HP: 1/79 [demonic crawler (10)]
  1138 | D        | Mangled by a demonic crawler

Illustrated notes

Levels and vault maps discovered:
D:        pitsprint [storerooms_1, entrance_room_1, metal_vault_1, armoury_2,
          mini_pit_1, grid_room_1, main_hall_1, silver_pit, the_coven_3,
          the_vestibule_1, steel_vault_4, golden_pit, hallway_of_sentries,
          crystal_vault_6, iron_vault_5, final_vault]

Skill      XL: |  1  2  3  4  5 |
---------------+----------------+-----
Spellcasting   | 5 6 |  6.7
Invocations    | 1 2 4 |  4.7
Short Blades   | 1 2 3 4 |  4.3
Long Blades    | 1 2 3 4 |  4.3
Axes           | 1 2 3 4 |  4.3
Maces & Flails | 1 2 3 4 |  4.3
Staves         | 1 2 3 4 |  4.3
Ranged Weapons | 1 2 3 4 |  4.3
Stealth        | 1 2 3 4 |  4.3
Shields        | 1 2 3 4 |  4.3
Unarmed Combat | 1 2 3 4 |  4.3
Evocations     | 1 2 3 4 |  4.3
Conjurations   | 1 2 3 |  3.5
Hexes          | 1 2 3 |  3.5
Summonings     | 1 2 3 |  3.5
Necromancy     | 1 2 3 |  3.5
Transmutations | 1 2 3 |  3.5
Fire Magic     | 1 2 3 |  3.5
Ice Magic      | 1 2 3 |  3.5
Air Magic      | 1 2 3 |  3.5
Earth Magic    | 1 2 3 |  3.5
Poison Magic   | 1 2 3 |  3.5
Throwing       | 3 4 5 |  5.1
Armour         | 3 4 5 |  5.1
Fighting       | 5 6 |  6.3
Polearms       | 5 6 |  6.3
Dodging        | 5 6 |  6.3
Translocations | 6 |  6.6

Action                   |  1- 3 |  4- 6 || total
-------------------------+-------+-------++-------
Melee: Spear             |    71 |       ||    71
       Bite              |     6 |     5 ||    11
       Trident           |    11 |    44 ||    55
       Punch             |     1 |     2 ||     3
  Use: Potion            |       |     2 ||     2
 Stab: Distracted        |     1 |       ||     1
Armor: Leather armour    |    14 |       ||    14
       Plate armour      |     4 |    40 ||    44
Dodge: Dodged            |    33 |     5 ||    38
